 Dungeon Crawl Stone Soup version 0.20-a0-1122-gb7cbeb9 (webtiles) character file.

171 JeffiDaFish the Shield-Bearer (level 5, -6/33 HPs)
             Began as a Gargoyle Fighter on May 11, 2017.
             Killed by nerve-wracking pain
             ... invoked by an orc priest
              (7 damage)
             ... on level 3 of the Dungeon on May 13, 2017.
             The game lasted 00:09:07 (2694 turns).

JeffiDaFish the Shield-Bearer (Gargoyle Fighter)    Turns: 2694, Time: 00:09:07

Health: -6/33      AC: 11    Str: 20    XL:     5   Next: 51%
Magic:  5/5        EV:  7    Int:  8    God:
Gold:   205        SH:  9    Dex: 10    Spells: 4/4 levels left

rFire    . . .     SeeInvis .   a - +0 flail
rCold    . . .     Gourm    .   c - +0 shield
rNeg     + . .     Faith    .   b - +0 scale mail
rPois    ∞         Spirit   .   (no helmet)
rElec    +         Reflect  .   (no cloak)
rCorr    .         Harm     .   (no gloves)
MR       .....                  (no boots)
Stlth    ..........             (no amulet)
Regen    0.2/turn               (no ring)
MPRegen  0.1/turn               (no ring)

@: no status effects
A: negative energy resistance 1, electricity resistance, unbreathing,
petrification resistance, rot immunity, AC +4
a: no special abilities


You were on level 3 of the Dungeon.
You were not hungry.

You visited 1 branch of the dungeon, and saw 3 of its levels.

You collected 205 gold pieces.

Inventory:

Hand Weapons
 a - a +0 flail (weapon)
Armour
 b - a +0 scale mail (worn)
 c - a +0 shield (worn)
Wands
 l - a wand of enslavement (13/24)
Scrolls
 k - a scroll of remove curse
Potions
 d - 2 potions of might
 e - a potion of ambrosia
Comestibles
 f - 3 bread rations
 g - a royal jelly
 h - a meat ration
 i - 4 fruits
 j - a chunk of flesh


   Skills:
 + Level 3.7 Fighting
 + Level 3.6 Maces & Flails
 + Level 4.1 Armour
 + Level 0.8 Dodging
 + Level 4.4 Shields


You had 4 spell levels left.
You didn't know any spells.

Dungeon Overview and Level Annotations

Branches:
Dungeon (3/15)

Altars:


Innate Abilities, Weirdness & Mutations

You are resistant to torment.
Your stone body is resilient. (AC +4)
You are immune to poison.
You resist negative energy. (rN+)
You are resistant to electric shocks. (rElec)
You can survive without breathing.
You are immune to petrification.
You are immune to rotting.


Message History

Beogh smites you!
* * * LOW HITPOINT WARNING * * *
The orc priest calls upon Beogh to heal the orc priest.
The orc priest's wounds heal themselves!
The orc priest looks satisfied for a moment.
You hit the orc priest.
You kill the orc priest!
The orc priest calls down the wrath of Beogh upon you.
Pain shoots through your body!
* * * LOW HITPOINT WARNING * * *
You block the orc priest's attack.
Things that are here:
a glowing scale mail; a hand axe; an orc corpse You closely miss the orc priest.
The orc priest closely misses you.
The orc priest hits you but does no damage.
You hit the orc priest.
The orc priest is lightly wounded.
The orc priest calls down the wrath of Beogh upon you.
Pain shoots through your body!
You die...

#.########.###.#.#
#.#.......# #.# #.# #.#.#
#.######### #.# #.###.#.#
#.### #+# #.# ....# #...#
##.###.#.# ####.##### #
#........# #........###
#........# #.##.###.##.
###....#..######.#...##.#..
+........o@.....>.......'..
###.......######.#...##.#..
#.#.###.# #.#..###.##.
#.#.###.# #........###
#.......# ###.###### #
###.##### #.# #.# #.# #.#
####.##### # #.# #........#
#


You could see an orc priest.

Vanquished Creatures
  An orc priest (D:3)
  4 gnolls (D:2)
  3 adders (D:2)
  2 worms (D:2)
  2 dart slugs
  A leopard gecko (D:2)
  6 orcs (D:3)
  2 ball pythons (D:2)
  A giant cockroach (D:2)
  8 goblins
  6 hobgoblins
  6 jackals
  8 bats
  3 frilled lizards (D:2)
  8 kobolds
  6 rats
67 creatures vanquished.

Vanquished Creatures (others)
  A jackal (D:2)
1 creature vanquished.

Grand Total: 68 creatures vanquished

Notes
Turn   | Place    | Note
-------+----------+-------------------------------------------
     0 | D:1      | JeffiDaFish the Gargoyle Fighter began the quest for the Orb.
     0 | D:1      | Reached XP level 1. HP: 14/14 MP: 1/1
   126 | D:1      | Reached XP level 2. HP: 7/19 MP: 2/2
   994 | D:2      | Reached XP level 3. HP: 15/23 MP: 3/3
  1600 | D:2      | Reached XP level 4. HP: 27/28 MP: 4/4
  2023 | D:2      | Reached XP level 5. HP: 26/32 MP: 5/5
  2691 | D:3      | HP: 1/33 [orc priest/nerve-wracking pain (7)]
  2694 | D:3      | Killed from afar by an orc priest

Vault maps used:
D:1:      scummos_arrival_forest, grunt_decor_arrowhead, minmay_tetromino_t4
D:2:      first_bread
D:3:      bh_walls_and_bars

Skill      XL: |  1  2  3  4 |
---------------+-------------+-----
Armour         | 4 |  4.1
Shields        | 4 |  4.4
Maces & Flails | 3 |  3.6
Fighting       | |  3.7
Dodging        | |  0.8

Action                   |  1- 3 |  4- 6 || total
-------------------------+-------+-------++-------
Melee: Flail             |   173 |   144 ||   317
Evoke: Wand              |     2 |       ||     2
  Use: Scroll            |     3 |     1 ||     4
       Potion            |     3 |     4 ||     7
  Eat: Chunk             |     2 |     4 ||     6
Armor: Scale mail        |    94 |    53 ||   147
Dodge: Dodged            |    75 |    42 ||   117
Block: Shield            |   104 |    72 ||   176
